 Dungeon Crawl Stone Soup version 0.32-a0-401-g0bcb2a7693 (webtiles) character file.

Game seed: 9309057012434646199

77 Ijustatesigmund the Digger (level 4, 0/26 HPs)
             Began as a Gargoyle Earth Elementalist on Feb 20, 2024.
             Slain by a hobgoblin (6 damage)
             ... led by Robin
             ... on level 3 of the Dungeon.
             The game lasted 00:03:02 (1942 turns).

Ijustatesigmund the Digger (GrEE)                   Turns: 1942, Time: 00:03:03

Health: 0/26       AC:  6    Str: 11    XL:     4   Next: 34%
Magic:  4/7        EV: 11    Int: 18    God:
Gold:   97         SH:  0    Dex: 10    Spells: 4/8 levels left

rFire   . . .        e - +0 mace
rCold   . . .        (no shield)
rNeg    + . .        a - +0 robe
rPois   ∞            (no helmet)
rElec   +            (no cloak)
rCorr   .            (no gloves)
SInv    .            h - +0 pair of boots {rampage}
Will    .....        (no amulet)
Stlth   ++           (no ring)
HPRegen 0.24/turn    (no ring)
MPRegen 0.10/turn

%: rampage
@: attractive
A: sickness immunity, AC +3, negative energy resistance 1, electricity
resistance, torment resistance 1, petrification resistance
a: no special abilities


You were on level 3 of the Dungeon.
You visited 1 branch of the dungeon, and saw 3 of its levels.

You collected 97 gold pieces.

Inventory:

Hand Weapons
 e - a +0 mace (weapon)
Armour
 a - a +0 robe (worn)
 h - a +0 pair of boots of rampaging (worn)
Jewellery
 d - an amulet of the acrobat
 g - a ring of willpower
 k - a ring of fire
Scrolls
 c - 2 scrolls of teleportation {unknown}
 f - a scroll of identify {unknown}
 i - a scroll of vulnerability {unknown}
 j - a scroll of amnesia {unknown}
 l - 2 scrolls of immolation {unknown}
Potions
 b - a potion of magic


   Skills:
 + Level 2.0 Fighting
 - Level 1.5 Dodging
 - Level 2.1 Stealth
 + Level 2.6 Spellcasting
 + Level 2.3 Conjurations
 + Level 4.3 Earth Magic


You had 4 spell levels left.
You knew the following spells:

 Your Spells              Type           Power      Damage    Failure   Level
a - Sandblast             Erth           34%        2d9       3%          1
b - Stone Arrow           Conj/Erth      28%        3d8       13%         3

Your spell library contained the following spells:

 Spells                   Type           Power      Damage    Failure   Level
 Passwall                 Erth           17%        N/A       9%          3
 Ensorcelled Hibernation  Hex/Ice        4%         N/A       26%         2
 Brom's Barrelling Bould  Conj/Erth      14%        2d4       41%         4
 Swiftness                Air            2%         N/A       45%         3
 Petrify                  Alch/Erth      10%        N/A       56%         4


Dungeon Overview and Level Annotations

Branches:
Dungeon (3/15)

Altars:

Shops:
D:2 (

Annotations:
D:3 Robin


Innate Abilities, Weirdness & Mutations

You are immune to sickness and miasma.
Your stone body is resilient. (AC +3)
You are immune to poison.
You resist negative energy. (rN+)
You are resistant to electric shocks. (rElec)
You are resistant to unholy torment.
You are immune to petrification.


Message History

You feel attractive to monsters. The goblin barely misses you.
The goblin hits you but does no damage.
A goblin comes into view. It is wielding a +0 club.
The goblin is attracted toward you.
It was a potion of curing.
You feel better. The goblin hits you with a +0 club.
* * * LOW HITPOINT WARNING * * *
The goblin hits you but does no damage.
You sock the goblin!
You kill the goblin!
The goblin hits you but does no damage.
A goblin comes into view. It is wielding a +0 dagger.
Robin roars a battlecry!
You hear a shout!
The goblin is attracted toward you.
You aren't carrying any items that you can evoke.
Unknown command.
Okay, then.
Casting: Sandblast (safe; 3% risk of failure)
Confirm with . or Enter, or press ? or * to list all spells.
Aiming: Sandblast (safe; 3% risk of failure)
Press: ? - help, Shift-Dir - straight line, f/p - goblin
Aim: a goblin, wielding a +0 dagger (heavily wounded, strong, 77% to hit)
The blast of sand hits the goblin!
You kill the goblin!
A goblin comes into view. It is wielding a +0 dagger.
Robin hits you from afar with a +0 spear of flaming.
* * * LOW HITPOINT WARNING * * *
Robin burns you.
* * * LOW HITPOINT WARNING * * *
Your Fighting skill increases to level 2!
Casting: Sandblast (safe; 3% risk of failure)
Confirm with . or Enter, or press ? or * to list all spells.
Aiming: Sandblast (safe; 3% risk of failure)
Press: ? - help, Shift-Dir - straight line, f - hobgoblin
Aim: a hobgoblin (strong, 82% to hit)
The blast of sand hits the hobgoblin.
The hobgoblin is heavily wounded.
The goblin no longer looks unusually strong.
The hobgoblin hits you.
You die...

############.#
#...)@ggg§....
##†####gg.##§#
#.# ...# #.#
..g# #.# ...#
#.# .... #.#
...#. #.#
...#.. #.#


You could see Robin, 2 hobgoblins and 3 goblins.

Vanquished Creatures
  An adder (D:2)
  2 ribbon worms (D:2)
  A ball python (D:1)
  2 bats
  2 endoplasms (D:2)
  A giant cockroach (D:1)
  5 hobgoblins
  3 jackals (D:2)
  4 kobolds
  2 quokkas
  6 goblins
  6 rats
35 creatures vanquished.

Notes
Turn   | Place    | Note
-------+----------+-------------------------------------------
     0 | D:1      | Ijustatesigmund the Gargoyle Earth Elementalist began the
                  | quest for the Orb.
     0 | D:1      | Reached XP level 1. HP: 10/10 MP: 3/3
   204 | D:1      | Reached XP level 2. HP: 16/16 MP: 0/5
   300 | D:1      | Reached skill level 1 in Fighting
   364 | D:1      | Reached skill level 4 in Earth Magic
   364 | D:1      | Reached XP level 3. HP: 20/20 MP: 2/6
   368 | D:1      | Learned a level 3 spell: Stone Arrow
   421 | D:1      | You fall into a shaft and drop 1 floor!
  1073 | D:2      | Reached XP level 4. HP: 12/26 MP: 4/7
  1382 | D:2      | Found Icwutau's Weapon Shop.
  1918 | D:3      | Noticed Robin
  1942 | D:3      | Slain by a hobgoblin

Illustrated notes

Levels and vault maps discovered:
D:1:      minmay_arrival_split_and_join, layout_rooms, grunt_decor_junction,
          minmay_domino_2
D:2:      layout_basic, serial_shops, shop
D:3:      layout_basic, zin_statuary, ebering_ecumenical_altar_abandoned,
          goddamned_bats, uniq_natasha, uniq_grinder, uniq_robin, uniq_sigmund

Skill      XL: |  1  2  3  4 |
---------------+-------------+-----
Fighting       | 1 2 |  2.0
Earth Magic    | 4 |  4.3
Conjurations   | 2 |  2.3
Dodging        | |  1.5
Stealth        | |  2.1
Spellcasting   | |  2.6

Action                     |  1- 3 |  4- 6 || total
---------------------------+-------+-------++-------
  Melee: Mace              |     7 |    17 ||    24
   Cast: Sandblast         |    31 |    11 ||    42
    Use: Potion            |       |     2 ||     2
 Armour: Robe              |    10 |    20 ||    30
  Dodge: Dodged            |     9 |    12 ||    21

Table legend: (Time is in decaauts)
 A = Elapsed time spent in this place.
 B = Non-inter-level travel time spent in this place.
 C = Inter-level travel time spent in this place.
 D = Time resting spent in this place.
 E = Time spent auto-exploring this place.
 F = Levels seen in this place.
 G = Mean time per level.
                   A        B        C        D        E       F      G
               +--------+--------+--------+--------+--------+-----+--------+
         Total |   1972 |   1863 |    109 |    184 |   1456 |   3 |  657.3 |
       Dungeon |   1972 |   1863 |    109 |    184 |   1456 |   3 |  657.3 |
               +--------+--------+--------+--------+--------+-----+--------+

Top non-repeatable levels by time:
     D:2: 1274 daAuts
     D:1: 624 daAuts
     D:3: 72 daAuts
